AoeStats
← 陟遐自迩

MegaRandom

504998450Analyzed
4v4 RM · 25d ago on Sep 7, 2026· 40m 39s· 8 players
Game mode
Random Map
Map size
Large (8 player)
Population
200
Speed
Normal
Resources
Standard
Victory
Conquest
Starting age
Dark Age
Ending age
Imperial Age
RankedLock teamsTeams togetherTeam positionsShared explorationLock speedFull tech treeHidden civsTurbo modeCheats
Victory
Defeat
🇩🇪 Koreans · Germany
1222
+9
🇩🇪 Muisca · Germany
1096
+14
🇨🇳 Maya · China
1035
+17
🇩🇪 Britons · Germany
997
+18
🇩🇪 Armenians · Germany
1075
-15
🇩🇪 Persians · Germany
1063
-15
🇩🇪 Inca · Germany
1062
-15
🇺🇸 Romans · United States
1029
-13
Akranon
0:34 Loom
13:22 Feudal Age
14:39 Wheelbarrow
13:52 Double-Bit Axe
17:02 Horse Collar
18:08 Scale Mail Armor
20:56 Forging
24:40 Castle Age
23:01 Stone Mining
23:04 Gold Mining
23:29 Padded Archer Armor
23:19 Fletching
24:38 Man-at-Arms
24:44 Elite Skirmisher
25:41 Hand Cart
25:32 Heavy Plow
25:50 Squires
26:23 Leather Archer Armor
26:26 Long Swordsman
27:48 Chain Mail Armor
30:27 Masonry
31:45 Iron Casting
31:26 Bodkin Arrow
32:07 Ballistas
33:11 Caravan
33:39 Bow Saw
36:09 Murder Holes
XJakeTheRipper7
8:15 Loom
11:51 Feudal Age
12:28 Double-Bit Axe
13:03 Horse Collar
15:52 Horse Collar
18:16 Wheelbarrow
20:37 Padded Archer Armor
23:52 Fletching
28:39 Gold Mining
37:00 Castle Age
38:30 Hand Cart
39:17 Bow Saw
39:08 Heavy Plow
39:39 Elite Skirmisher
41:15 Gold Shaft Mining
schronnel
12:14 Feudal Age
13:44 Man-at-Arms
14:15 Double-Bit Axe
16:37 Long Swordsman
16:42 Long Swordsman
17:37 Gold Mining
20:25 Horse Collar
23:59 Forging
25:55 Castle Age
25:14 Stone Mining
28:15 Iron Casting
27:40 Scale Mail Armor
29:01 Elite Skirmisher
29:52 Fletching
29:28 Elite Skirmisher
33:06 Ballistics
35:27 Imperial Age
33:37 Bow Saw
34:21 Bodkin Arrow
34:26 Padded Archer Armor
Demshredz
0:49 Loom
11:18 Feudal Age
12:39 Wheelbarrow
11:47 Horse Collar
12:25 Double-Bit Axe
15:11 Bloodlines
23:33 Castle Age
24:48 Bow Saw
24:58 Gold Mining
26:51 Scale Barding Armor
26:57 Forging
28:13 Chain Barding Armor
30:57 Heavy Plow
31:45 Husbandry
32:39 Iron Casting
33:59 Stone Mining
39:04 Imperial Age
36:50 Hand Cart
bumbsbomba74
7:51 Loom
10:04 Feudal Age
10:53 Double-Bit Axe
16:29 Fletching
22:19 Castle Age
20:55 Gold Mining
22:58 Bodkin Arrow
22:38 Crossbowman
24:36 Horse Collar
26:04 Bow Saw
29:59 Ballistics
31:59 Stone Mining
32:47 Wheelbarrow
33:35 Fishing Lines
39:27 Imperial Age
40:11 Bracer
Tada
8:41 Loom
11:35 Feudal Age
13:12 Double-Bit Axe
15:37 Stone Mining
16:31 Fletching
16:29 Horse Collar
22:03 Castle Age
20:47 Forging
20:41 Gold Mining
21:04 Town Watch
23:24 Bodkin Arrow
28:48 Ballistics
30:59 Wheelbarrow
30:31 Caravan
31:16 Scale Mail Armor
34:53 Bow Saw
35:08 Pikeman
35:49 Squires
36:36 Chain Mail Armor
39:10 Imperial Age
36:57 Hand Cart
38:44 Iron Casting
39:43 Coinage
39:14 Halberdier
40:29 Plate Mail Armor
加成
0:30 Loom
12:56 Feudal Age
17:13 Castle Age
15:18 Stone Mining
15:27 Double-Bit Axe
16:26 Gold Mining
18:08 Bow Saw
21:28 Horse Collar
22:37 Heavy Plow
23:03 Fletching
25:58 Bodkin Arrow
27:05 Padded Archer Armor
27:12 Eagle Warrior
30:08 Wheelbarrow
30:06 Squires
35:06 Imperial Age
35:45 Hand Cart
36:18 Conscription
36:03 Bracer
35:44 Capped Ram
35:52 Elite Eagle Warrior
37:25 Leather Archer Armor
38:43 Two-Man Saw
38:18 Crop Rotation
38:23 Arson
39:11 Ring Archer Armor
39:35 Town Watch
40:03 Forging
39:37 Siege Ram
41:29 Iron Casting
陟遐自迩
0:43 Loom
12:26 Feudal Age
15:18 Wheelbarrow
14:42 Fishing Lines
14:52 Double-Bit Axe
20:44 Castle Age
19:45 Stone Mining
20:28 Gold Mining
21:16 Gillnets
22:37 Bow Saw
23:59 Forging
23:50 Scale Mail Armor
24:36 Gold Shaft Mining
25:25 Stone Shaft Mining
25:57 Squires
30:12 Imperial Age
28:33 Iron Casting
28:13 Chain Mail Armor
28:28 Chain Mail Armor
29:01 Pikeman
29:04 Champi Runner
29:48 Devotion
31:55 Two-Man Saw
31:18 Conscription
30:22 Elite Temple Guard
32:50 Champi Warrior
35:43 Faith
36:52 Horse Collar
Connection lost

Rejoining the realm…

Still unreachable

The connection could not be restored.

Session expired

The server has moved on; the page needs a fresh start.